 Dungeon Crawl Stone Soup version 0.30.0 (webtiles) character file.

Game seed: 8435482718405186990

112 dolemite99 the Gusty (level 4, 0/32 HPs)
             Began as a Gnoll Air Elementalist on May 6, 2023.
             Slain by Grinder (7 damage)
             ... on level 3 of the Dungeon.
             The game lasted 00:03:17 (2490 turns).

dolemite99 the Gusty (Gnoll Air Elementalist)       Turns: 2490, Time: 00:03:17

Health: 0/32       AC:  2    Str:  8    XL:     4   Next: 95%
Magic:  11/11      EV: 13    Int: 16    God:
Gold:   107        SH:  0    Dex: 12    Spells: 12/13 levels left

rFire   . . .        a - +1 arbalest (chaos)
rCold   . . .        (shield currently unavailable)
rNeg    . . .        f - +0 robe
rPois   .            (no helmet)
rElec   .            (no cloak)
rCorr   .            (no gloves)
SInv    .            (no boots)
Will    .....        (no amulet)
Stlth   +++          (no ring)
HPRegen 0.25/turn    (no ring)
MPRegen 0.12/turn

%: no passive effects
@: hasted, studying Stealth, very quick
A: fangs 1, strong nose, distributed training
a: no special abilities


You were on level 3 of the Dungeon.
You visited 1 branch of the dungeon, and saw 3 of its levels.

You collected 107 gold pieces.

Inventory:

Hand Weapons
 a - a +1 arbalest of chaos (weapon)
Armour
 f - a +0 robe (worn)
Wands
 k - a wand of polymorph (4)
Scrolls
 i - a scroll of identify {unknown}
 l - a scroll of amnesia {unknown}
 m - a scroll of enchant armour {unknown}
 n - a scroll of fog {unknown}
Potions
 d - a potion of lignification {unknown}
 g - a potion of resistance {unknown}
 h - 2 potions of degeneration {unknown}


   Skills:
 + Level 1.3 Fighting
 + Level 1.3 Short Blades
 + Level 1.3 Long Blades
 + Level 1.3 Axes
 + Level 1.3 Maces & Flails
 + Level 1.3 Polearms
 + Level 1.3 Staves
 + Level 1.3 Ranged Weapons
 + Level 1.3 Throwing
 + Level 1.3 Armour
 + Level 4.7 Dodging
 + Level 4.5 Stealth
 + Level 1.3 Shields
 + Level 1.3 Unarmed Combat
 + Level 5.1 Spellcasting
 + Level 2.3 Conjurations
 + Level 1.1 Hexes
 + Level 1.1 Summonings
 + Level 1.1 Necromancy
 + Level 1.1 Translocations
 + Level 1.1 Transmutations
 + Level 1.1 Fire Magic
 + Level 1.1 Ice Magic
 + Level 5.5 Air Magic
 + Level 1.1 Earth Magic
 + Level 1.1 Poison Magic
 + Level 1.5 Invocations
 + Level 1.3 Evocations


You had 12 spell levels left.
You knew the following spells:

 Your Spells              Type           Power      Damage    Failure   Level
a - Shock                 Conj/Air       64%        1d7       3%          1

Your spell library contained the following spells:

 Spells                   Type           Power      Damage    Failure   Level
 Static Discharge         Conj/Air       32%        2-4/arc   4%          2
 Swiftness                Air            21%        N/A       4%          3
 Airstrike                Air            10%        2d(2-18)  16%         4


Dungeon Overview and Level Annotations

Branches:
Dungeon (3/15)

Altars:

Annotations:
D:3 Grinder


Innate Abilities, Weirdness & Mutations

You have very sharp teeth.
Your uncanny sense of smell can sniff out nearby items.
Your experience applies equally to all skills.


Message History

The ball python closely misses you. The ball python constricts you.
The ball python misses you. The ball python constricts you.
The ball python completely misses you. The ball python constricts you.
You shoot a bolt. The bolt hits the ball python.
The ball python is poisoned.
The ball python is severely wounded.
You kill the ball python!
Grinder closely misses you.
A dart slug comes into view.
You see here a ball python corpse.
Grinder attacks as you move away! Grinder hits you but does no damage.
Grinder zaps a wand.
The roots erupt in riotous growth!
The grasping roots grab you! The grasping roots constrict you.
You hear a shout! x10
Magic courses through your body.
You hear a shout!
The grasping roots constrict you.
You hear a shout!
Casting: Shock (safe; 3% risk of failure)
Confirm with . or Enter, or press ? or * to list all spells.
Okay, then.
Casting: Shock (safe; 3% risk of failure)
Confirm with . or Enter, or press ? or * to list all spells.
Aiming: Shock (safe; 3% risk of failure)
Press: ? - help, Shift-Dir - straight line The zap hits Grinder.
Grinder is lightly wounded.
The zap hits the dart slug.
The dart slug is lightly wounded.
The zap hits the dart slug.
The dart slug is severely wounded.
Grinder blinks!
The grasping roots constrict you.
As you read the scroll labelled BOZYUMIQECO, it crumbles to dust.
It is a scroll of enchant weapon.
Your +0 arbalest of chaos glows red for a moment.
The grasping roots constrict you.
* * * LOW HITPOINT WARNING * * *
The grasping roots release their grip on you.
It was a potion of haste.
You feel yourself speed up. Grinder hits you!
You die...

*,###.## *,,,,*, *,* #..# ***,,*,
*****,**##.######*,,,*,
*,,,,,,,*#......#*,,**,
******,,,,,,,*##..S..##..#*,
****,,,,,,,,,,,,###.)....)..#*,
***,,,,****,,,,,,,#.......#....,,
*,,,*******########.#..)†.#,..#,,
,,,,,,,..#*#..w†@5).####.#o...*,,
,,,,,,,.).##.########***......**,
,,,,,,,o...#.**,,,,,,,,,....#.#*,
,,,,,,,,.....,,,********....#,#*,
,,,,,,,,,,...#*** *.#.##,***
,,,,,,,,,,,#..## *####,*##*,,,*
,,,,,,,,,,,*#..## **...,,* ***,,
,,,,,,,,∆,***#5o##*..#**** **,
,,,,,,,,,** ##o)##.#### *,


You could see Grinder and a dart slug.

Vanquished Creatures
  An orc priest (D:3)
  2 adders (D:2)
  2 worms
  A dart slug (D:1)
  4 orcs (D:3)
  5 ball pythons
  5 bats
  3 endoplasms (D:1)
  2 giant cockroaches (D:1)
  3 goblins (D:1)
  2 hobgoblins
  7 jackals
  3 quokkas
  3 frilled lizards
  5 kobolds
  2 rats
50 creatures vanquished.

Notes
Turn   | Place    | Note
-------+----------+-------------------------------------------
     0 | D:1      | dolemite99 the Gnoll Air Elementalist began the quest for
                  | the Orb.
     0 | D:1      | Reached XP level 1. HP: 13/13 MP: 6/6
   366 | D:1      | Reached XP level 2. HP: 19/19 MP: 5/7
   936 | D:1      | Reached skill level 5 in Spellcasting
   936 | D:1      | Reached XP level 3. HP: 25/25 MP: 7/9
  1225 | D:2      | Reached skill level 1 in Invocations
  1298 | D:2      | Reached skill level 1 in Fighting
  1298 | D:2      | Reached skill level 1 in Short Blades
  1298 | D:2      | Reached skill level 1 in Long Blades
  1298 | D:2      | Reached skill level 1 in Axes
  1298 | D:2      | Reached skill level 1 in Maces & Flails
  1298 | D:2      | Reached skill level 1 in Polearms
  1298 | D:2      | Reached skill level 1 in Staves
  1298 | D:2      | Reached skill level 1 in Ranged Weapons
  1298 | D:2      | Reached skill level 1 in Throwing
  1298 | D:2      | Reached skill level 1 in Armour
  1298 | D:2      | Reached skill level 1 in Shields
  1298 | D:2      | Reached skill level 1 in Unarmed Combat
  1298 | D:2      | Reached skill level 1 in Evocations
  1548 | D:2      | Found a faded altar of an unknown god.
  1954 | D:2      | Reached XP level 4. HP: 32/32 MP: 9/11
  2422 | D:3      | Noticed Grinder
  2428 | D:3      | Reached skill level 1 in Hexes
  2428 | D:3      | Reached skill level 1 in Summonings
  2428 | D:3      | Reached skill level 1 in Necromancy
  2428 | D:3      | Reached skill level 1 in Translocations
  2428 | D:3      | Reached skill level 1 in Transmutations
  2428 | D:3      | Reached skill level 1 in Fire Magic
  2428 | D:3      | Reached skill level 1 in Ice Magic
  2428 | D:3      | Reached skill level 1 in Earth Magic
  2428 | D:3      | Reached skill level 1 in Poison Magic
  2490 | D:3      | Slain by Grinder

Illustrated notes

Levels and vault maps discovered:
D:1:      minmay_arrival_cross, layout_loops_ring, serial_bayou_pond_b
D:2:      layout_loops_ring, basic_ecumenical_altar,
          chequers_serial_rivers_small_a
D:3:      layout_rooms, skrybe_limestone_x, uniq_robin, uniq_natasha,
          uniq_grinder

Skill      XL: |  1  2  3  4 |
---------------+-------------+-----
Conjurations   | 2 |  2.3
Spellcasting   | 5 |  5.1
Invocations    | 1 |  1.5
Fighting       | 1 |  1.3
Short Blades   | 1 |  1.3
Long Blades    | 1 |  1.3
Axes           | 1 |  1.3
Maces & Flails | 1 |  1.3
Polearms       | 1 |  1.3
Staves         | 1 |  1.3
Ranged Weapons | 1 |  1.3
Throwing       | 1 |  1.3
Armour         | 1 |  1.3
Shields        | 1 |  1.3
Unarmed Combat | 1 |  1.3
Evocations     | 1 |  1.3
Hexes          | 1 |  1.1
Summonings     | 1 |  1.1
Necromancy     | 1 |  1.1
Translocations | 1 |  1.1
Transmutations | 1 |  1.1
Fire Magic     | 1 |  1.1
Ice Magic      | 1 |  1.1
Earth Magic    | 1 |  1.1
Poison Magic   | 1 |  1.1
Dodging        | |  4.7
Stealth        | |  4.5
Air Magic      | |  5.5

Action                     |  1- 3 |  4- 6 || total
---------------------------+-------+-------++-------
  Melee: Unarmed           |     7 |       ||     7
         Bite              |     1 |       ||     1
   Fire: Arbalest          |    46 |    10 ||    56
   Cast: Shock             |    37 |    25 ||    62
    Use: Scroll            |     3 |     3 ||     6
         Potion            |       |     2 ||     2
 Armour: Robe              |    10 |     1 ||    11
  Dodge: Dodged            |    42 |    14 ||    56
